 Dungeon Crawl Stone Soup version 0.23.2-40-g277498a001 (webtiles) character file.

Game seed: 773180399541754631

95 Htamos the Ducker (level 4, -12/23 HPs)
             Began as a Spriggan Abyssal Knight on Sept 3, 2019.
             Was a Believer of Lugonu.
             Splashed by Ijyb's acid (17 damage)
             ... on level 3 of the Dungeon.
             The game lasted 00:10:06 (2175 turns).

Htamos the Ducker (Spriggan Abyssal Knight)         Turns: 2175, Time: 00:10:10

Health: -12/23     AC: -1    Str:  8    XL:     4   Next: 40%
Magic:  6/6        EV: 20    Int: 13    God:    Lugonu [**....]
Gold:   151        SH:  0    Dex: 16    Spells: 3/3 levels left

rFire    . . .     SeeInvis +   k - +1 dagger (venom)
rCold    . . .     Gourm    .   (shield restricted)
rNeg     . . .     Faith    .   b - +1 robe
rPois    .         Spirit   .   (helmet restricted)
rElec    .         Reflect  .   (no cloak)
rCorr    .         Harm     .   (gloves unavailable)
MR       .....                  (boots unavailable)
Stlth    ++........             (no amulet)
HPRegen  0.07/turn              (no ring)
MPRegen  0.10/turn              (no ring)

@: corroded, very quick
A: very small, unfitting armour, see invisible, herbivore, speed 3, slow
metabolism 2
a: Depart the Abyss, Bend Space, Renounce Religion


You were on level 3 of the Dungeon.
You worshipped Lugonu.
Lugonu was pleased with you.
You were not hungry.

You visited 1 branch of the dungeon, and saw 3 of its levels.
You visited the Abyss 1 time.

You collected 151 gold pieces.

Inventory:

Hand Weapons
 a - a +1 short sword
 k - a +1 dagger of venom (weapon)
Missiles
 e - 5 tomahawks (quivered)
 f - 24 stones
Armour
 b - a +1 robe (worn)
Scrolls
 j - a scroll of amnesia
 l - a scroll of remove curse {unknown}
 m - a scroll of enchant armour
Potions
 d - a potion of degeneration
 i - a potion of brilliance {unknown}
 n - a potion of agility {unknown}
Comestibles
 c - 5 rations


   Skills:
 - Level 2.4 Fighting
 * Level 3.9 Short Blades
 + Level 4.6 Dodging
 + Level 1.2 Stealth
 + Level 2.6 Invocations


You had 3 spell levels left.
You didn't know any spells.
Your spell library was empty.

Dungeon Overview and Level Annotations

Branches:
Dungeon (3/15)

Altars:
Trog

Annotations:
D:3 Ijyb


Innate Abilities, Weirdness & Mutations

You are very small and have problems with some larger weapons.
You are too small for most types of armour.
You have supernaturally acute eyesight. (SInv)
You are a herbivore.
You cover ground extremely quickly.
You need to consume almost no food.


Message History

Ijyb barely misses you.
You hit Ijyb but do no damage.
Ijyb is moderately wounded.
You hit Ijyb but do no damage.
Ijyb is moderately wounded.
Ijyb zaps a wand.
The bolt of acid hits you!
Ouch! That really hurt!
* * * LOW HITPOINT WARNING * * *
The acid corrodes you!
You are splashed with acid!
* * * LOW HITPOINT WARNING * * *
You feel much better. Ijyb hits you but does no damage.
Okay, then.
You aren't carrying any items that you can evoke.
It was a potion of curing.
You feel better.
Ijyb zaps a wand.
The bolt of acid hits you!!
Ouch! That really hurt!
* * * LOW HITPOINT WARNING * * *
You are splashed with acid!
Ouch! That really hurt!
You die...

#.####.##.........#
#......######.##.##
#..####....##....# #
#.......##.#..#..#
#.#...##### #.....#
#.#....# #..#.##
#...##.# ######.#.#
#......# #......#.#
#..#.#@# #.##.#.#.#
#>.....#.g.#.#..#.#.#
#####..#####.#.#..#
...#.....#.####
.##.#.#####.# #.
..#.# #.# # ###.# #.#
#.#####.# #.....#.#


You could see Ijyb.

Vanquished Creatures
  5 adders
  An ooze (D:1)
  2 worms
  A leopard gecko (D:1)
  3 orcs
  A ball python (D:2)
  2 giant cockroaches
  A goblin (D:3)
  5 hobgoblins
  3 jackals (D:1)
  A quokka (D:3)
  2 bats
  A frilled lizard (D:1)
  4 kobolds
  7 rats
39 creatures vanquished.

Notes
Turn   | Place    | Note
-------+----------+-------------------------------------------
     0 | Abyss:1  | Htamos the Spriggan Abyssal Knight began the quest for the
                  | Orb.
     0 | Abyss:1  | Reached XP level 1. HP: 11/11 MP: 3/3
    79 | D:1      | Escaped the Abyss
   295 | D:1      | Reached XP level 2. HP: 12/16 MP: 4/4
   500 | D:1      | Reached skill level 4 in Dodging
   801 | D:2      | Reached XP level 3. HP: 19/19 MP: 5/5
  1568 | D:2      | Reached ** piety under Lugonu
  1645 | D:2      | Found a bloodstained altar of Trog.
  1666 | D:2      | Reached XP level 4. HP: 23/23 MP: 6/6
  1720 | D:3      | Noticed a centaur
  1818 | D:3      | Reached skill level 1 in Stealth
  2166 | D:3      | Noticed Ijyb
  2173 | D:3      | HP: 1/23 [acid (9)]
  2175 | D:3      | Splashed by Ijyb's acid

Skill      XL: |  1  2  3  4 |
---------------+-------------+-----
Invocations    | 2 |  2.6
Dodging        | 4 |  4.6
Short Blades   | 3 |  3.9
Stealth        | 1 |  1.2
Fighting       | |  2.4

Action                   |  1- 3 |  4- 6 || total
-------------------------+-------+-------++-------
Melee: Short sword       |   137 |     3 ||   140
       Dagger            |       |    49 ||    49
Throw: Tomahawk          |       |     3 ||     3
  Use: Scroll            |     4 |       ||     4
       Potion            |       |     2 ||     2
 Stab: Sleeping          |     4 |     2 ||     6
Armor: Robe              |     9 |     3 ||    12
Dodge: Dodged            |   102 |    40 ||   142
